 Dungeon Crawl Stone Soup version 0.27-a0-1217-g8a41f320e8 (webtiles) character file.

Game seed: 13943028139089157028

70 Delamore the Vandal (level 4, -4/35 HPs)
             Began as a Formicid Hunter on June 6, 2021.
             Was a Follower of Okawaru.
             Slain by a phantom (8 damage)
             ... on level 2 of the Dungeon.
             The game lasted 00:02:59 (1624 turns).

Delamore the Vandal (Formicid Hunter)               Turns: 1624, Time: 00:03:00

Health: -4/35      AC:  3    Str: 17    XL:     4   Next: 44%
Magic:  4/4        EV: 11    Int: 11    God:    Okawaru [*.....]
Gold:   73         SH:  0    Dex: 11    Spells: 3/3 levels left

rFire    . . .     SeeInvis +   a - +1 hunting sling
rCold    . . .     Faith    .   (no shield)
rNeg     . . .     Spirit   .   c - +0 leather armour
rPois    .         Reflect  .   (helmet unavailable)
rElec    .         Harm     .   (no cloak)
rCorr    .         Rampage  .   (no gloves)
Will     .....                  (no boots)
Stlth    ++........             (no amulet)
HPRegen  0.11/turn              (no ring)
MPRegen  0.09/turn              (no ring)

@: brilliant
A: permanent stasis, dig shafts and tunnels, antennae 3, four strong arms
a: Dig, Shaft Self, Renounce Religion, Heroism


You were on level 2 of the Dungeon.
You worshipped Okawaru.
Okawaru was aware of your devotion.
You visited 1 branch of the dungeon, and saw 2 of its levels.

You collected 73 gold pieces.

Inventory:

Hand Weapons
 a - a +1 hunting sling (weapon)
 b - a +0 short sword
Missiles
 f - 17 stones (quivered ammo)
 k - 15 poisoned darts
Armour
 c - a +0 leather armour (worn)
Scrolls
 h - a scroll of magic mapping {unknown}
 i - a scroll of fog {unknown}
 j - a scroll of amnesia {unknown}
 l - a scroll of summoning {unknown}
Potions
 e - 2 potions of flight {unknown}
 g - a potion of brilliance


   Skills:
 + Level 3.3 Fighting
 + Level 5.0 Slings
 + Level 0.0(2.7) Throwing
 - Level 1.7 Dodging
 + Level 3.0 Stealth


You had 3 spell levels left.
You didn't know any spells.
Your spell library contained the following spells:

 Spells                   Type           Power      Damage    Failure   Level
 Animate Skeleton         Necr           0%         N/A       41%         1
 Pain                     Necr           0%         1d4       41%         1
 Summon Small Mammal      Summ           0%         N/A       41%         1
 Call Imp                 Summ           0%         N/A       54%         2
 Call Canine Familiar     Summ           0%         N/A       78%         3
 Confusing Touch          Hex            0%         N/A       78%         3
 Gell's Gravitas          Tloc           0%         N/A       78%         3
 Summon Guardian Golem    Hex/Summ       0%         N/A       78%         3
 Vampiric Draining        Necr           0%         2d6       78%         3
 Animate Dead             Necr           0%         N/A       99%         4
 Petrify                  Tmut/Erth      0%         N/A       99%         4
 Summon Ice Beast         Ice/Summ       0%         N/A       99%         4
 Summon Lightning Spire   Summ/Air       0%         N/A       99%         4
 Agony                    Necr           0%         N/A       100%        5
 Metabolic Englaciation   Hex/Ice        0%         N/A       100%        5
 Yara's Violent Unravell  Hex/Tmut       0%         3d3       100%        5


Dungeon Overview and Level Annotations

Branches:
Dungeon (2/15)

Altars:
Okawaru


Innate Abilities, Weirdness & Mutations

You cannot be hasted, slowed, berserked, paralysed or teleported.
You can dig through walls and to a lower floor.
You have a pair of large antennae on your head. (SInv)
Your four strong arms can wield two-handed weapons with a shield.


Message History

The phantom hits you but does no damage.
You shoot a stone. The stone barely misses the phantom.
The phantom closely misses you.
You shoot a stone.
The stone hits the phantom but does no damage.
The phantom is severely damaged.
The phantom closely misses you.
You shoot a stone. The stone hits the phantom.
The phantom is severely damaged.
You shoot a stone. The stone barely misses the phantom.
The phantom hits you!
You shoot a stone. The stone hits the phantom.
The phantom is almost destroyed.
The phantom hits you!
You are too injured to fight recklessly!
You are too injured to fight recklessly!
Fire: 20 stones
Press: ? - help, Q - select action, (/) - cycle Shift-Dir - straight line, f/p - phantom
Aim: a phantom (almost destroyed, 50% to hit)
You shoot a stone.
The stone hits the phantom but does no damage.
The phantom is almost destroyed.
The phantom closely misses you.
Fire: 19 stones
Press: ? - help, Q - select action, (/) - cycle Shift-Dir - straight line, f/p - phantom
Aim: a phantom (almost destroyed, 50% to hit)
You shoot a stone.
The stone hits the phantom but does no damage.
The phantom is almost destroyed.
The phantom hits you but does no damage.
Fire: 18 stones
Press: ? - help, Q - select action, (/) - cycle Shift-Dir - straight line, f/p - phantom
Aim: a phantom (almost destroyed, 50% to hit)
You shoot a stone. The stone hits the phantom.
The phantom is almost destroyed.
The phantom hits you!
* * * LOW HITPOINT WARNING * * *
It was a potion of brilliance.
You feel clever all of a sudden. The phantom hits you!
You die...

##.## ##.#####.##.###.###
#...# ##............#.## #
###...#####.....###.####..#
## ####..................)#
#..###.
#...........##.....###.#
#......
#.##........###.....##.#
#.####. #.####....#.#
##.#.#.... #.# ## #.#
#....#.# #........ ..# #
#.# #......# #@#.#.... ###
#.####......# ##W...... .##
....<.......# #(....#
...... #...........# ......
#.#.## #######.....# #(##.
##.#### (# #.# . #.# ( #.#


You could see a phantom.

Vanquished Creatures
  2 adders (D:2)
  2 worms (D:2)
  A bat (D:1)
  4 endoplasms
  A giant cockroach (D:2)
  4 hobgoblins
  8 jackals
  A quokka (D:2)
  5 ball pythons (D:1)
  8 frilled lizards
  3 kobolds
  5 rats
44 creatures vanquished.

Vanquished Creatures (others)
  7 plants (D:1)
7 creatures vanquished.

Grand Total: 51 creatures vanquished

Notes
Turn   | Place    | Note
-------+----------+-------------------------------------------
     0 | D:1      | Delamore the Formicid Hunter began the quest for the Orb.
     0 | D:1      | Reached XP level 1. HP: 16/16 MP: 1/1
    69 | D:1      | Reached XP level 2. HP: 23/23 MP: 2/2
   699 | D:1      | Reached XP level 3. HP: 28/28 MP: 3/3
  1054 | D:2      | Found a faded altar of an unknown god.
  1066 | D:2      | Became a worshipper of Warmaster Okawaru
  1066 | D:2      | Reached * piety under Okawaru
  1349 | D:2      | Reached XP level 4. HP: 35/35 MP: 4/4
  1449 | D:2      | Reached skill level 5 in Slings
  1601 | D:2      | Noticed a phantom
  1624 | D:2      | Slain by a phantom

Illustrated notes

Levels and vault maps discovered:
D:1:      wander_arrival_lonely_grave, layout_loops_corners,
          grunt_decor_clamped, serial_bayou_lagoon_a,
          minmay_large_rounded_square
D:2:      layout_loops_ring, basic_ecumenical_altar, minmay_tripent

Skill      XL: |  1  2  3  4 |
---------------+-------------+-----
Stealth        | 2 3 |  3.0
Fighting       | 3 |  3.3
Slings         | 5 |  5.0
Dodging        | |  1.7

Action                   |  1- 3 |  4- 6 || total
-------------------------+-------+-------++-------
 Fire: Hunting sling     |    91 |    39 ||   130
  Use: Potion            |       |     1 ||     1
Armor: Leather armour    |     7 |     3 ||    10
Dodge: Dodged            |    21 |    10 ||    31

Table legend: (Time is in decaauts)
 A = Elapsed time spent in this place.
 B = Non-inter-level travel time spent in this place.
 C = Inter-level travel time spent in this place.
 D = Time resting spent in this place.
 E = Time spent auto-exploring this place.
 F = Levels seen in this place.
 G = Mean time per level.
                   A        B        C        D        E       F      G
               +--------+--------+--------+--------+--------+-----+--------+
         Total |   1624 |   1580 |     44 |      0 |   1329 |   2 |  812.0 |
       Dungeon |   1624 |   1580 |     44 |      0 |   1329 |   2 |  812.0 |
               +--------+--------+--------+--------+--------+-----+--------+

Top non-repeatable levels by time:
     D:1: 937 daAuts
     D:2: 686 daAuts
